Sasquatch vs Punishers
(R1)
Created - October 28, 2018 at 22:40
Goals
|
| Sasquatch |
1 |
4 |
0 |
5 |
| Punishers |
0 |
2 |
1 |
3 |
|
Shots
|
| Sasquatch |
15 |
14 |
13 |
42 |
| Punishers |
2 |
14 |
15 |
31 |
|
1st period
1. Sasquatch , Jesper Fast 3 (Jeff Skinner 3, Drew Shore 4) at 0:10
Penalties :
Melker Karlsson (Gat) for Hooking (Minor) at 6:50
2nd period
2. Sasquatch , Melker Karlsson 3 (Martin Marincin 3, Matt Halischuk 4) at 1:35
3. Punishers , Radek Faksa 1 (Garret Ross 1, Carter Ashton 2) at 2:52
4. Punishers , Zack Hamill 9 (Mattias Tedenby 5) at 3:23
5. Sasquatch , Sergey Kalinin 2 (Brock Trotter 6, Petr Straka 2) at 4:21
6. Sasquatch , Teemu Hartikainen 3 (Melker Karlsson 2, Dougie Hamilton 5) at 7:57
7. Sasquatch , Sven Andrighetto 2 (Martin Marincin 4, Slava Voynov 4) at 12:57
Penalties :
Teemu Hartikainen (Gat) for Hooking (Minor) at 17:02, Martin Marincin (Gat) for Hooking (Minor) at 17:23
3rd period
8. Punishers , Carter Ashton 1 (Garret Ross 2, Mark Jankowski 2) at 4:37
Penalties :
Teemu Hartikainen (Gat) for High sticking (Minor) at 10:58, Melker Karlsson (Gat) for Hooking (Minor) at 16:33
Goalie Stats
Corey Crawford (Gat), 28 saves from 31 shots - (0.903), W, 3-3-0, 60:00 minutes
Louis Domingue (Pro), 37 saves from 42 shots - (0.881), L, 1-2-1, 60:00 minutes
Players Stats for Sasquatch
Player Name G A P +/- PIM S H SB GA TA FO MP PP MP PK MP
------------------------------------------------------------------------------------
Andrew Campbell 0 0 0 -2 0 2 2 0 0 0 0/0 14:00 0:00 0:58
Brock Trotter 0 1 1 0 0 6 1 0 2 0 0/0 12:02 0:00 1:12
Dougie Hamilton 0 1 1 2 0 2 2 0 1 0 0/0 26:58 0:00 4:09
Drew Shore 0 1 1 0 0 5 2 1 2 0 16/31 21:43 0:00 4:10
Jeff Skinner 0 1 1 0 0 3 2 1 0 0 0/1 17:33 0:00 0:00
Jesper Fast 1 0 1 0 0 2 3 0 0 1 0/2 17:30 0:00 0:00
Martin Marincin 0 2 2 2 2 0 2 2 0 0 0/0 18:45 0:00 3:09
Matt Halischuk 0 1 1 2 0 2 3 0 1 0 0/1 14:50 0:00 0:00
Melker Karlsson 1 1 2 2 4 3 1 0 0 0 7/12 15:28 0:00 0:00
Michael Stone 0 0 0 -2 0 1 3 0 0 0 0/0 12:54 0:00 0:00
Nicolas Deslauriers 0 0 0 0 0 3 0 0 1 0 1/2 12:00 0:00 3:41
Patrick Wey 0 0 0 2 0 2 1 0 1 1 0/0 27:03 0:00 4:09
Petr Straka 0 1 1 0 0 1 0 0 0 0 0/0 10:01 0:00 0:00
Sergey Kalinin 1 0 1 0 0 3 1 1 1 0 1/4 13:51 0:00 2:55
Slava Voynov 0 1 1 2 0 0 1 2 1 2 0/0 20:03 0:00 4:08
Sven Andrighetto 1 0 1 0 0 2 2 0 0 0 1/1 8:05 0:00 0:00
T.J. Tynan 0 0 0 0 0 3 0 0 0 0 3/7 10:30 0:00 1:45
Teemu Hartikainen 1 0 1 2 4 2 1 0 2 1 0/0 16:44 0:00 1:13
Players Stats for Punishers
Player Name G A P +/- PIM S H SB GA TA FO MP PP MP PK MP
------------------------------------------------------------------------------------
Adam Pelech 0 0 0 2 0 0 1 1 0 2 0/0 18:48 3:18 0:00
Carter Ashton 1 1 2 2 0 1 0 0 1 0 0/0 8:36 0:00 0:00
Colton Gillies 0 0 0 -1 0 5 2 1 0 0 1/1 13:58 3:38 0:00
Damon Severson 0 0 0 2 0 0 4 3 0 1 0/0 18:48 3:18 0:00
David Laliberté 0 0 0 -2 0 1 0 0 1 1 2/3 19:13 4:30 0:00
David Rundblad 0 0 0 -3 0 5 3 0 0 2 0/0 25:07 4:59 0:00
Dylan DeMelo 0 0 0 0 0 0 0 0 0 0 0/0 6:30 0:00 0:00
Garret Ross 0 2 2 2 0 2 2 0 0 0 0/0 9:00 0:00 0:00
Jordan Schmaltz 0 0 0 -1 0 0 0 0 0 0 0/0 9:35 0:00 0:00
Madison Bowey 0 0 0 -1 0 0 0 0 0 2 0/0 9:35 0:00 0:00
Mark Jankowski 0 1 1 -1 0 1 1 1 0 0 0/1 10:37 0:00 0:00
Mattias Tedenby 0 1 1 -1 0 3 0 0 2 2 0/1 21:19 3:38 0:00
Miikka Salomaki 0 0 0 -1 0 2 1 1 0 0 0/0 10:59 0:09 0:00
Oscar Sundqvist 0 0 0 -2 0 3 2 0 0 0 7/13 18:08 3:38 0:00
Patrick Wiercioch 0 0 0 0 0 0 0 0 0 0 0/0 6:30 0:00 0:00
Radek Faksa 1 0 1 2 0 1 0 0 0 0 2/4 8:36 0:00 0:00
Robbie Earl 0 0 0 -1 0 2 1 0 0 0 0/1 22:32 4:39 0:00
Stefan Elliott 0 0 0 -3 0 2 0 2 0 1 0/0 25:07 4:59 0:00
Tyler Bertuzzi 0 0 0 -2 0 0 0 1 0 0 0/1 14:30 0:00 0:00
Zack Hamill 1 0 1 -1 0 3 1 2 1 1 20/36 22:32 4:39 0:00
3 Stars
1 - Carter Ashton (Pro)
2 - Martin Marincin (Gat)
3 - Jesper Fast (Gat)
Power Play
Sasquatch - 0 on 0 Attempt(s) - 0.00%
Punishers - 0 on 5 Attempt(s) - 0.00%
Penalty Kill
Sasquatch - 5 on 5 Attempt(s) - 100.00%
- Score 0 goal in Penalty Kill
Punishers - 0 on 0 Attempt(s) - 0.00%
- Score 0 goal in Penalty Kill
Team Stat
Sasquatch - Hits : 27 - Faceoff Wins : 29 - Blocked Shots : 7 - Penalty Minutes : 10
Punishers - Hits : 18 - Faceoff Wins : 32 - Blocked Shots : 12 - Penalty Minutes : 0
Official
Referees : Unknown
Linesman : Unknown
Game Notes
No Game Note
Finance
Level 1 -- Attendance: 1362 (68.10%) -- Ticket Income $54,480
Level 2 -- Attendance: 807 (80.70%) -- Ticket Income $16,140
Total Attendance: 2169 (72.30%)
Total Ticket Income: $70,620
Other Income: $3,531
Total Income: $74,151
Sasquatch
5 vs 5 Forward
Center Left Wing Right Wing Time % Phy DF OF
1 Drew Shore Jeff Skinner Jesper Fast 40 1 2 2
2 Melker Karlsson Teemu Hartikainen Matt Halischuk 30 1 2 2
3 Sergey Kalinin Brock Trotter Petr Straka 20 1 2 2
4 T.J. Tynan Nicolas Deslauriers Sven Andrighetto 10 1 2 2
5 vs 5 Defense
Defense Defense Time % Phy DF OF
1 Patrick Wey Dougie Hamilton 40 1 2 2
2 Martin Marincin Slava Voynov 30 1 2 2
3 Michael Stone Andrew Campbell 20 1 2 2
4 Patrick Wey Dougie Hamilton 10 1 2 2
PowerPlay Forward
Center Left Wing Right Wing Time % Phy DF OF
1 Drew Shore Jeff Skinner Matt Halischuk 60 1 2 2
2 Melker Karlsson Brock Trotter Jesper Fast 40 1 2 2
PowerPlay Defense
Defense Defense Time % Phy DF OF
1 Patrick Wey Dougie Hamilton 60 1 2 2
2 Martin Marincin Slava Voynov 40 1 2 2
Penalty Kill 4 Players Forward
Center Wing Time % Phy DF OF
1 Drew Shore Nicolas Deslauriers 60 1 2 2
2 Sergey Kalinin Teemu Hartikainen 40 1 2 2
Penalty Kill 4 Players Defense
Defense Defense Time % Phy DF OF
1 Patrick Wey Dougie Hamilton 60 1 2 2
2 Martin Marincin Slava Voynov 40 1 2 2
Penalty Kill - 3 Players Forward
Forward Time % Phy DF OF
1 Sergey Kalinin 60 1 2 2
2 Drew Shore 40 1 2 2
Penalty Kill - 3 Players Defense
Defense Defense Time % Phy DF OF
1 Patrick Wey Dougie Hamilton 60 1 2 2
2 Martin Marincin Slava Voynov 40 1 2 2
4 vs 4 Forward
Center Wing Time % Phy DF OF
1 Jeff Skinner Drew Shore 60 1 2 2
2 Matt Halischuk Brock Trotter 40 1 2 2
4 vs 4 Defense
Defense Defense Time % Phy DF OF
1 Patrick Wey Dougie Hamilton 60 1 2 2
2 Martin Marincin Slava Voynov 40 1 2 2
Last Minutes Offensive
Center Left Wing Right Wing Defense Defense
Drew Shore Jeff Skinner Jesper Fast Patrick Wey Dougie Hamilton
Last Minutes Defensive
Center Left Wing Right Wing Defense Defense
Drew Shore Jeff Skinner Jesper Fast Patrick Wey Dougie Hamilton
Goaltenders
Starting : Corey Crawford
Backup : Joonas Korpisalo
Extra Forwards
Normal : Sergey Kalinin, Teemu Hartikainen, T.J. Tynan - PP : Sergey Kalinin, Teemu Hartikainen - PK : T.J. Tynan
Extra Defensemen
Normal : Michael Stone, Andrew Campbell, Martin Marincin - PP : Michael Stone - PK : Andrew Campbell, Martin Marincin
Penalty Shots
Jeff Skinner, Melker Karlsson, T.J. Tynan, Petr Straka, Matt Halischuk
Scratches
Devin Shore (Healthy), Ryan Dzingel (Healthy), Ty Rattie (Healthy), Brett Pesce (Healthy), Joey Laleggia (Healthy)
Cal Petersen (Healthy)
Punishers
5 vs 5 Forward
Center Left Wing Right Wing Time % Phy DF OF
1 Zack Hamill Robbie Earl Mattias Tedenby 40 1 2 2
2 Oscar Sundqvist Tyler Bertuzzi David Laliberté 30 1 2 2
3 Mark Jankowski Colton Gillies Miikka Salomaki 20 1 2 2
4 Radek Faksa Garret Ross Carter Ashton 10 1 2 2
5 vs 5 Defense
Defense Defense Time % Phy DF OF
1 David Rundblad Stefan Elliott 40 1 2 2
2 Adam Pelech Damon Severson 30 1 2 2
3 Jordan Schmaltz Madison Bowey 20 1 2 2
4 Patrick Wiercioch Dylan DeMelo 10 1 2 2
PowerPlay Forward
Center Left Wing Right Wing Time % Phy DF OF
1 Zack Hamill Robbie Earl David Laliberté 60 1 2 2
2 Oscar Sundqvist Colton Gillies Mattias Tedenby 40 1 2 2
PowerPlay Defense
Defense Defense Time % Phy DF OF
1 David Rundblad Stefan Elliott 60 1 2 2
2 Adam Pelech Damon Severson 40 1 2 2
Penalty Kill 4 Players Forward
Center Wing Time % Phy DF OF
1 Robbie Earl Zack Hamill 60 1 2 2
2 David Laliberté Mattias Tedenby 40 1 2 2
Penalty Kill 4 Players Defense
Defense Defense Time % Phy DF OF
1 David Rundblad Stefan Elliott 60 1 2 2
2 Adam Pelech Damon Severson 40 1 2 2
Penalty Kill - 3 Players Forward
Forward Time % Phy DF OF
1 Robbie Earl 60 1 2 2
2 Zack Hamill 40 1 2 2
Penalty Kill - 3 Players Defense
Defense Defense Time % Phy DF OF
1 David Rundblad Stefan Elliott 60 1 2 2
2 Adam Pelech Damon Severson 40 1 2 2
4 vs 4 Forward
Center Wing Time % Phy DF OF
1 Robbie Earl Zack Hamill 60 1 2 2
2 David Laliberté Mattias Tedenby 40 1 2 2
4 vs 4 Defense
Defense Defense Time % Phy DF OF
1 David Rundblad Stefan Elliott 60 1 2 2
2 Adam Pelech Damon Severson 40 1 2 2
Last Minutes Offensive
Center Left Wing Right Wing Defense Defense
Zack Hamill Robbie Earl David Laliberté David Rundblad Stefan Elliott
Last Minutes Defensive
Center Left Wing Right Wing Defense Defense
Zack Hamill Robbie Earl David Laliberté David Rundblad Stefan Elliott
Goaltenders
Starting : Louis Domingue
Backup : Kristers Gudlevskis
Extra Forwards
Normal : Miikka Salomaki, Garret Ross, Mark Jankowski - PP : Miikka Salomaki, Garret Ross - PK : Mark Jankowski
Extra Defensemen
Normal : Jordan Schmaltz, Madison Bowey, Patrick Wiercioch - PP : Jordan Schmaltz - PK : Madison Bowey, Patrick Wiercioch
Penalty Shots
Robbie Earl, Zack Hamill, David Laliberté, Mattias Tedenby, Colton Gillies
Scratches
Michael Joly (Healthy), Dan Bertram (Healthy), Trevor Van Riemsdyk (Healthy), Erik Nystrom (Healthy), Daniel Altshuller (Healthy)
% Time on Ice - Sasquatch
Lines # - Real PCT - Wanted PCT - Time Play
Normal Forward
1 - 36% - 40% - 18:47
2 - 29% - 30% - 14:50
3 - 19% - 20% - 10:01
4 - 16% - 10% - 8:05
Normal Defense
1 - 39% - 40% - 20:02
2 - 31% - 30% - 15:55
3 - 25% - 20% - 12:54
4 - 6% - 10% - 2:52
PP Forward
1 - 0% - 60%
2 - 0% - 40%
PP Defense
1 - 0% - 60%
2 - 0% - 40%
PK Forward
1 - 75% - 60% - 5:00
2 - 25% - 40% - 1:39
PK Defense
1 - 48% - 60% - 3:13
2 - 52% - 40% - 3:26
PK3 Forward
1 - 77% - 60% - 1:15
2 - 23% - 40% - 0:23
PK3 Defense
1 - 57% - 60% - 0:56
2 - 43% - 40% - 0:42
44 Forward
1 - 0% - 60%
2 - 0% - 40%
44 Defense
1 - 0% - 60%
2 - 0% - 40%
Last Minute Offensive - 0:00
Last Minute Defensive - 0:00
Total
Forward - 60:00
Defense - 60:00
|
% Time on Ice - Punishers
Lines # - Real PCT - Wanted PCT - Time Play
Normal Forward
1 - 35% - 40% - 18:17
2 - 28% - 30% - 14:30
3 - 20% - 20% - 10:20
4 - 17% - 10% - 8:36
Normal Defense
1 - 39% - 40% - 20:08
2 - 30% - 30% - 15:30
3 - 19% - 20% - 9:35
4 - 13% - 10% - 6:30
PP Forward
1 - 56% - 60% - 4:39
2 - 44% - 40% - 3:38
PP Defense
1 - 60% - 60% - 4:59
2 - 40% - 40% - 3:18
PK Forward
1 - 0% - 60%
2 - 0% - 40%
PK Defense
1 - 0% - 60%
2 - 0% - 40%
PK3 Forward
1 - 0% - 60%
2 - 0% - 40%
PK3 Defense
1 - 0% - 60%
2 - 0% - 40%
44 Forward
1 - 0% - 60%
2 - 0% - 40%
44 Defense
1 - 0% - 60%
2 - 0% - 40%
Last Minute Offensive - 0:00
Last Minute Defensive - 0:00
Total
Forward - 60:00
Defense - 60:00
|
Play by Play
1st period
0:01 of 1st period - Drew Shore wins face-off versus Zack Hamill in neutral zone.
0:08 of 1st period - Wrist shot by Jeff Skinner.
0:08 of 1st period - Stopped by Louis Domingue with a rebound.
0:10 of 1st period - Wrist shot by Jesper Fast.
0:10 of 1st period - Goal by Jesper Fast - Sasquatch : 1 - Punishers : 0.
0:11 of 1st period - Melker Karlsson wins face-off versus Tyler Bertuzzi in neutral zone.
0:19 of 1st period - Icing by Melker Karlsson.
0:20 of 1st period - David Laliberté wins face-off versus Melker Karlsson in Sasquatch zone.
1:09 of 1st period - Snap shot by Oscar Sundqvist.
1:09 of 1st period - Shot Misses the Net.
1:32 of 1st period - Icing by Damon Severson.
1:33 of 1st period - Oscar Sundqvist wins face-off versus Drew Shore in Punishers zone.
1:33 of 1st period - Oscar Sundqvist is hit by Dougie Hamilton.
2:31 of 1st period - Snap shot by Drew Shore.
2:31 of 1st period - Stopped by Louis Domingue without a rebound.
2:32 of 1st period - Zack Hamill wins face-off versus Sergey Kalinin in Punishers zone.
2:32 of 1st period - Zack Hamill is hit by Michael Stone.
3:18 of 1st period - Wrist shot by Brock Trotter.
3:18 of 1st period - Stopped by Louis Domingue with a rebound.
3:20 of 1st period - Slapshot by Brock Trotter.
3:20 of 1st period - Deflect By Petr Straka.
3:20 of 1st period - Stopped by Louis Domingue with a rebound.
3:24 of 1st period - Slapshot by Brock Trotter.
3:24 of 1st period - Stopped by Louis Domingue without a rebound.
3:25 of 1st period - Zack Hamill wins face-off versus T.J. Tynan in Punishers zone.
3:25 of 1st period - Zack Hamill is hit by Michael Stone.
3:40 of 1st period - Backhand shot by Nicolas Deslauriers.
3:40 of 1st period - Shot Hit the Post.
3:50 of 1st period - Wrist shot by Melker Karlsson.
3:50 of 1st period - Deflect By Matt Halischuk.
3:50 of 1st period - Deflect By Colton Gillies.
3:50 of 1st period - Shot Misses the Net.
3:50 of 1st period - Puck is out of play.
3:51 of 1st period - Melker Karlsson wins face-off versus Mark Jankowski in Punishers zone.
4:38 of 1st period - Icing by Michael Stone.
4:39 of 1st period - Radek Faksa wins face-off versus Drew Shore in Sasquatch zone.
5:02 of 1st period - Andrew Campbell is hit by Garret Ross and loses puck.
5:17 of 1st period - Slapshot by Drew Shore.
5:17 of 1st period - Shot Misses the Net.
5:19 of 1st period - Snap shot by Michael Stone.
5:19 of 1st period - Stopped by Louis Domingue without a rebound.
5:20 of 1st period - Nicolas Deslauriers wins face-off versus Zack Hamill in Punishers zone.
5:27 of 1st period - Wrist shot by Nicolas Deslauriers.
5:27 of 1st period - Stopped by Louis Domingue without a rebound.
5:28 of 1st period - T.J. Tynan wins face-off versus Zack Hamill in Punishers zone.
5:29 of 1st period - Slapshot by Nicolas Deslauriers.
5:29 of 1st period - Stopped by Louis Domingue with a rebound.
6:14 of 1st period - Off-side.
6:15 of 1st period - Melker Karlsson wins face-off versus Oscar Sundqvist in neutral zone.
6:29 of 1st period - Icing by Martin Marincin.
6:30 of 1st period - Zack Hamill wins face-off versus Matt Halischuk in Sasquatch zone.
6:50 of 1st period - Minor Penalty to Melker Karlsson for Hooking.
6:51 of 1st period - Zack Hamill wins face-off versus Drew Shore in Sasquatch zone.
6:55 of 1st period - Snap shot by David Laliberté.
6:55 of 1st period - Shot Misses the Net.
8:50 of 1st period - Penalty to Melker Karlsson is over, Melker Karlsson is back on ice.
8:51 of 1st period - T.J. Tynan is hit by Zack Hamill and loses puck.
9:11 of 1st period - Wrist shot by Radek Faksa.
9:11 of 1st period - Shot Misses the Net.
10:31 of 1st period - Slapshot by Brock Trotter.
10:31 of 1st period - Shot Blocked by Damon Severson.
11:46 of 1st period - Madison Bowey is hit by Jesper Fast and loses puck.
12:17 of 1st period - David Laliberté is hit by Patrick Wey and loses puck.
12:30 of 1st period - Dougie Hamilton is hit by Garret Ross and loses puck.
13:01 of 1st period - Slapshot by Dougie Hamilton.
13:01 of 1st period - Shot Blocked by Adam Pelech.
13:03 of 1st period - Snap shot by Brock Trotter.
13:03 of 1st period - Shot Blocked by Colton Gillies.
13:05 of 1st period - Wrist shot by Sergey Kalinin.
13:05 of 1st period - Stopped by Louis Domingue with a rebound.
13:07 of 1st period - Slapshot by Dougie Hamilton.
13:07 of 1st period - Stopped by Louis Domingue with a rebound.
14:39 of 1st period - Wrist shot by T.J. Tynan.
14:39 of 1st period - Stopped by Louis Domingue with a rebound.
14:57 of 1st period - Radek Faksa is hit by Martin Marincin and loses puck.
15:14 of 1st period - Stefan Elliott is hit by Jeff Skinner and loses puck.
15:27 of 1st period - Snap shot by Melker Karlsson.
15:27 of 1st period - Stopped by Louis Domingue without a rebound.
15:28 of 1st period - Zack Hamill wins face-off versus Melker Karlsson in Punishers zone.
15:40 of 1st period - Mattias Tedenby is hit by Matt Halischuk and loses puck.
16:19 of 1st period - Backhand shot by David Rundblad.
16:19 of 1st period - Shot Misses the Net.
16:21 of 1st period - Slapshot by Stefan Elliott.
16:21 of 1st period - Stopped by Corey Crawford with a rebound.
16:23 of 1st period - Slapshot by David Rundblad.
16:23 of 1st period - Shot Blocked by Drew Shore.
16:25 of 1st period - Snap shot by Garret Ross.
16:25 of 1st period - Shot Misses the Net.
16:27 of 1st period - Slapshot by Adam Pelech.
16:27 of 1st period - Deflect By Garret Ross.
16:27 of 1st period - Stopped by Corey Crawford with a rebound.
17:08 of 1st period - Backhand shot by Mattias Tedenby.
17:08 of 1st period - Shot Blocked by Martin Marincin.
17:28 of 1st period - Oscar Sundqvist is hit by Slava Voynov.
17:32 of 1st period - Slapshot by Brock Trotter.
17:32 of 1st period - Stopped by Louis Domingue with a rebound.
18:10 of 1st period - Snap shot by Nicolas Deslauriers.
18:10 of 1st period - Stopped by Louis Domingue with a rebound.
18:29 of 1st period - Mattias Tedenby is hit by Melker Karlsson and loses puck.
18:49 of 1st period - Tyler Bertuzzi is hit by Sergey Kalinin and loses puck.
19:00 of 1st period - David Laliberté is hit by Martin Marincin and loses puck.
19:23 of 1st period - Zack Hamill is hit by Sven Andrighetto and loses puck.
Goals for this period are 1 for Sasquatch vs 0 for Punishers.
Shots for this period are 15 for Sasquatch vs 2 for Punishers.
2nd period
0:01 of 2nd period - Zack Hamill wins face-off versus Drew Shore in neutral zone.
0:15 of 2nd period - Patrick Wey is hit by David Rundblad and loses puck.
0:26 of 2nd period - Teemu Hartikainen is hit by Colton Gillies and loses puck.
0:31 of 2nd period - Snap shot by Miikka Salomaki.
0:31 of 2nd period - Stopped by Corey Crawford with a rebound.
0:53 of 2nd period - Martin Marincin is hit by Mark Jankowski and loses puck.
1:00 of 2nd period - Snap shot by Colton Gillies.
1:00 of 2nd period - Stopped by Corey Crawford without a rebound.
1:01 of 2nd period - Zack Hamill wins face-off versus Drew Shore in Sasquatch zone.
1:35 of 2nd period - Snap shot by Melker Karlsson.
1:35 of 2nd period - Goal by Melker Karlsson - Sasquatch : 2 - Punishers : 0.
1:36 of 2nd period - Zack Hamill wins face-off versus Jesper Fast in neutral zone.
2:30 of 2nd period - Wrist shot by Brock Trotter.
2:30 of 2nd period - Shot Misses the Net.
2:32 of 2nd period - Slapshot by Martin Marincin.
2:32 of 2nd period - Shot Blocked by Miikka Salomaki.
2:44 of 2nd period - Slapshot by David Rundblad.
2:44 of 2nd period - Deflect By Martin Marincin.
2:44 of 2nd period - Stopped by Corey Crawford without a rebound.
2:45 of 2nd period - T.J. Tynan wins face-off versus Radek Faksa in Sasquatch zone.
2:52 of 2nd period - Snap shot by Radek Faksa.
2:52 of 2nd period - Goal by Radek Faksa - Sasquatch : 2 - Punishers : 1.
2:53 of 2nd period - Zack Hamill wins face-off versus Jesper Fast in neutral zone.
2:57 of 2nd period - Off-side.
2:58 of 2nd period - Zack Hamill wins face-off versus Drew Shore in neutral zone.
3:01 of 2nd period - Drew Shore is hit by Adam Pelech and loses puck.
3:16 of 2nd period - Jesper Fast is hit by Damon Severson and loses puck.
3:23 of 2nd period - Snap shot by Zack Hamill.
3:23 of 2nd period - Goal by Zack Hamill - Sasquatch : 2 - Punishers : 2.
3:24 of 2nd period - Drew Shore wins face-off versus Zack Hamill in neutral zone.
3:56 of 2nd period - Dougie Hamilton is hit by Oscar Sundqvist and loses puck.
4:17 of 2nd period - Wrist shot by Petr Straka.
4:17 of 2nd period - Shot Misses the Net.
4:19 of 2nd period - Wrist shot by Brock Trotter.
4:19 of 2nd period - Stopped by Louis Domingue with a rebound.
4:21 of 2nd period - Wrist shot by Sergey Kalinin.
4:21 of 2nd period - Goal by Sergey Kalinin - Sasquatch : 3 - Punishers : 2.
4:22 of 2nd period - Drew Shore wins face-off versus Zack Hamill in neutral zone.
4:55 of 2nd period - Slapshot by Dougie Hamilton.
4:55 of 2nd period - Deflect By Melker Karlsson.
4:55 of 2nd period - Stopped by Louis Domingue with a rebound.
4:57 of 2nd period - Wrist shot by Matt Halischuk.
4:57 of 2nd period - Stopped by Louis Domingue with a rebound.
4:59 of 2nd period - Slapshot by Patrick Wey.
4:59 of 2nd period - Deflect By Mark Jankowski.
4:59 of 2nd period - Stopped by Louis Domingue with a rebound.
5:01 of 2nd period - Snap shot by Matt Halischuk.
5:01 of 2nd period - Shot Blocked by Mark Jankowski.
5:13 of 2nd period - Oscar Sundqvist is hit by Brock Trotter and loses puck.
5:32 of 2nd period - T.J. Tynan is hit by Damon Severson and loses puck.
5:55 of 2nd period - Jordan Schmaltz is hit by Michael Stone and loses puck.
6:20 of 2nd period - Slapshot by Colton Gillies.
6:20 of 2nd period - Stopped by Corey Crawford with a rebound.
6:22 of 2nd period - Wrist shot by Miikka Salomaki.
6:22 of 2nd period - Shot Blocked by Martin Marincin.
7:17 of 2nd period - Off-side.
7:18 of 2nd period - Zack Hamill wins face-off versus Melker Karlsson in neutral zone.
7:23 of 2nd period - Slapshot by David Rundblad.
7:23 of 2nd period - Stopped by Corey Crawford without a rebound.
7:24 of 2nd period - Drew Shore wins face-off versus Zack Hamill in Sasquatch zone.
7:51 of 2nd period - Snap shot by Teemu Hartikainen.
7:51 of 2nd period - Stopped by Louis Domingue with a rebound.
7:53 of 2nd period - Slapshot by Melker Karlsson.
7:53 of 2nd period - Shot Hit the Post.
7:55 of 2nd period - Slapshot by Teemu Hartikainen.
7:55 of 2nd period - Shot Misses the Net.
7:57 of 2nd period - Wrist shot by Teemu Hartikainen.
7:57 of 2nd period - Goal by Teemu Hartikainen - Sasquatch : 4 - Punishers : 2.
7:58 of 2nd period - Drew Shore wins face-off versus Zack Hamill in neutral zone.
8:34 of 2nd period - Snap shot by Matt Halischuk.
8:34 of 2nd period - Shot Misses the Net.
8:40 of 2nd period - Patrick Wey is hit by Damon Severson and loses puck.
9:16 of 2nd period - Wrist shot by T.J. Tynan.
9:16 of 2nd period - Shot Misses the Net.
9:42 of 2nd period - Wrist shot by Carter Ashton.
9:42 of 2nd period - Shot Blocked by Slava Voynov.
10:16 of 2nd period - Snap shot by Colton Gillies.
10:16 of 2nd period - Shot Misses the Net.
10:18 of 2nd period - Snap shot by Mark Jankowski.
10:18 of 2nd period - Shot Blocked by Sergey Kalinin.
10:20 of 2nd period - Snap shot by Colton Gillies.
10:20 of 2nd period - Stopped by Corey Crawford with a rebound.
10:50 of 2nd period - Icing by Mattias Tedenby.
10:51 of 2nd period - Radek Faksa wins face-off versus Melker Karlsson in Punishers zone.
10:51 of 2nd period - Radek Faksa is hit by Matt Halischuk.
11:03 of 2nd period - Slapshot by Carter Ashton.
11:03 of 2nd period - Shot Misses the Net.
11:05 of 2nd period - Wrist shot by David Rundblad.
11:05 of 2nd period - Stopped by Corey Crawford with a rebound.
11:07 of 2nd period - Snap shot by Garret Ross.
11:07 of 2nd period - Shot Misses the Net.
11:26 of 2nd period - Icing by Jesper Fast.
11:27 of 2nd period - Drew Shore wins face-off versus Zack Hamill in Sasquatch zone.
11:32 of 2nd period - Zack Hamill is hit by Jeff Skinner.
11:39 of 2nd period - Damon Severson is hit by Andrew Campbell and loses puck.
11:50 of 2nd period - Slapshot by Drew Shore.
11:50 of 2nd period - Stopped by Louis Domingue with a rebound.
11:52 of 2nd period - Wrist shot by Drew Shore.
11:52 of 2nd period - Stopped by Louis Domingue without a rebound.
11:53 of 2nd period - Melker Karlsson wins face-off versus David Laliberté in Punishers zone.
12:02 of 2nd period - Snap shot by Matt Halischuk.
12:02 of 2nd period - Shot Misses the Net.
12:40 of 2nd period - Wrist shot by Nicolas Deslauriers.
12:40 of 2nd period - Deflect By David Laliberté.
12:40 of 2nd period - Shot Misses the Net.
12:40 of 2nd period - Puck is out of play.
12:41 of 2nd period - Zack Hamill wins face-off versus T.J. Tynan in Punishers zone.
12:53 of 2nd period - Slapshot by Slava Voynov.
12:53 of 2nd period - Shot Misses the Net.
12:55 of 2nd period - Slapshot by Martin Marincin.
12:55 of 2nd period - Shot Blocked by Zack Hamill.
12:57 of 2nd period - Slapshot by Sven Andrighetto.
12:57 of 2nd period - Goal by Sven Andrighetto - Sasquatch : 5 - Punishers : 2.
12:58 of 2nd period - Zack Hamill wins face-off versus Drew Shore in neutral zone.
13:01 of 2nd period - Slapshot by David Rundblad.
13:01 of 2nd period - Stopped by Corey Crawford without a rebound.
13:02 of 2nd period - Zack Hamill wins face-off versus Drew Shore in Sasquatch zone.
13:07 of 2nd period - Wrist shot by Zack Hamill.
13:07 of 2nd period - Shot Misses the Net.
13:12 of 2nd period - Off-side.
13:13 of 2nd period - Drew Shore wins face-off versus Zack Hamill in neutral zone.
13:16 of 2nd period - Zack Hamill is hit by Dougie Hamilton and loses puck.
13:25 of 2nd period - Mattias Tedenby is hit by Jesper Fast and loses puck.
14:58 of 2nd period - Icing by Martin Marincin.
14:59 of 2nd period - Oscar Sundqvist wins face-off versus T.J. Tynan in Sasquatch zone.
15:10 of 2nd period - Wrist shot by Oscar Sundqvist.
15:10 of 2nd period - Stopped by Corey Crawford without a rebound.
15:11 of 2nd period - Drew Shore wins face-off versus Zack Hamill in Sasquatch zone.
15:16 of 2nd period - Slapshot by Slava Voynov.
15:16 of 2nd period - Shot Misses the Net.
15:38 of 2nd period - Matt Halischuk is hit by David Rundblad and loses puck.
16:03 of 2nd period - Slapshot by Oscar Sundqvist.
16:03 of 2nd period - Stopped by Corey Crawford with a rebound.
16:39 of 2nd period - Wrist shot by Drew Shore.
16:39 of 2nd period - Shot Blocked by Damon Severson.
16:41 of 2nd period - Slapshot by Drew Shore.
16:41 of 2nd period - Stopped by Louis Domingue with a rebound.
16:43 of 2nd period - Snap shot by Jesper Fast.
16:43 of 2nd period - Stopped by Louis Domingue with a rebound.
16:45 of 2nd period - Snap shot by Jesper Fast.
16:45 of 2nd period - Deflect By Jeff Skinner.
16:45 of 2nd period - Stopped by Louis Domingue with a rebound.
17:02 of 2nd period - Minor Penalty to Teemu Hartikainen for Hooking.
17:03 of 2nd period - Zack Hamill wins face-off versus Drew Shore in Sasquatch zone.
17:15 of 2nd period - David Laliberté is hit by Drew Shore and loses puck.
17:23 of 2nd period - Minor Penalty to Martin Marincin for Hooking.
17:24 of 2nd period - Zack Hamill wins face-off versus Sergey Kalinin in Sasquatch zone.
17:39 of 2nd period - Snap shot by Robbie Earl.
17:39 of 2nd period - Stopped by Corey Crawford with a rebound.
19:00 of 2nd period - Icing by Colton Gillies.
19:01 of 2nd period - Colton Gillies wins face-off versus Drew Shore in Punishers zone.
19:02 of 2nd period - Penalty to Teemu Hartikainen is over, Teemu Hartikainen is back on ice.
19:23 of 2nd period - Penalty to Martin Marincin is over, Martin Marincin is back on ice.
19:30 of 2nd period - Slapshot by David Rundblad.
19:30 of 2nd period - Stopped by Corey Crawford without a rebound.
19:31 of 2nd period - Melker Karlsson wins face-off versus Radek Faksa in Sasquatch zone.
Goals for this period are 4 for Sasquatch vs 2 for Punishers.
Shots for this period are 14 for Sasquatch vs 14 for Punishers.
3rd period
0:01 of 3rd period - Drew Shore wins face-off versus Robbie Earl in neutral zone.
0:11 of 3rd period - Slapshot by David Rundblad.
0:11 of 3rd period - Shot Misses the Net.
0:13 of 3rd period - Wrist shot by Mattias Tedenby.
0:13 of 3rd period - Shot Misses the Net.
0:15 of 3rd period - Snap shot by Mattias Tedenby.
0:15 of 3rd period - Stopped by Corey Crawford with a rebound.
0:17 of 3rd period - Snap shot by Zack Hamill.
0:17 of 3rd period - Stopped by Corey Crawford without a rebound.
0:18 of 3rd period - Melker Karlsson wins face-off versus Oscar Sundqvist in Sasquatch zone.
0:55 of 3rd period - Wrist shot by Melker Karlsson.
0:55 of 3rd period - Shot Blocked by Damon Severson.
0:57 of 3rd period - Slapshot by Patrick Wey.
0:57 of 3rd period - Shot Misses the Net.
1:19 of 3rd period - Tyler Bertuzzi is hit by Teemu Hartikainen and loses puck.
1:26 of 3rd period - Wrist shot by Matt Halischuk.
1:26 of 3rd period - Deflect By Melker Karlsson.
1:26 of 3rd period - Shot Misses the Net.
1:26 of 3rd period - Puck is out of play.
1:27 of 3rd period - Drew Shore wins face-off versus Zack Hamill in Punishers zone.
1:28 of 3rd period - Snap shot by Jesper Fast.
1:28 of 3rd period - Shot Blocked by Stefan Elliott.
1:44 of 3rd period - Slapshot by Mattias Tedenby.
1:44 of 3rd period - Shot Blocked by Jeff Skinner.
2:01 of 3rd period - Slapshot by Brock Trotter.
2:01 of 3rd period - Stopped by Louis Domingue with a rebound.
2:54 of 3rd period - Snap shot by Sergey Kalinin.
2:54 of 3rd period - Shot Misses the Net.
3:49 of 3rd period - Wrist shot by Garret Ross.
3:49 of 3rd period - Stopped by Corey Crawford with a rebound.
3:51 of 3rd period - Snap shot by David Laliberté.
3:51 of 3rd period - Stopped by Corey Crawford without a rebound.
3:52 of 3rd period - Oscar Sundqvist wins face-off versus Jeff Skinner in Sasquatch zone.
4:25 of 3rd period - Slapshot by Robbie Earl.
4:25 of 3rd period - Stopped by Corey Crawford with a rebound.
4:37 of 3rd period - Wrist shot by Carter Ashton.
4:37 of 3rd period - Goal by Carter Ashton - Sasquatch : 5 - Punishers : 3.
4:38 of 3rd period - Zack Hamill wins face-off versus Drew Shore in neutral zone.
4:51 of 3rd period - Snap shot by Zack Hamill.
4:51 of 3rd period - Stopped by Corey Crawford without a rebound.
4:52 of 3rd period - Drew Shore wins face-off versus Zack Hamill in Sasquatch zone.
4:52 of 3rd period - Drew Shore is hit by David Rundblad.
5:00 of 3rd period - Snap shot by Mattias Tedenby.
5:00 of 3rd period - Stopped by Corey Crawford without a rebound.
5:01 of 3rd period - Drew Shore wins face-off versus Zack Hamill in Sasquatch zone.
5:06 of 3rd period - Robbie Earl is hit by Jesper Fast and loses puck.
5:15 of 3rd period - Snap shot by Drew Shore.
5:15 of 3rd period - Stopped by Louis Domingue without a rebound.
5:16 of 3rd period - Oscar Sundqvist wins face-off versus Melker Karlsson in Punishers zone.
5:23 of 3rd period - Slapshot by Stefan Elliott.
5:23 of 3rd period - Deflect By Teemu Hartikainen.
5:23 of 3rd period - Stopped by Corey Crawford without a rebound.
5:24 of 3rd period - Melker Karlsson wins face-off versus Oscar Sundqvist in Sasquatch zone.
5:35 of 3rd period - Wrist shot by Teemu Hartikainen.
5:35 of 3rd period - Shot Blocked by Tyler Bertuzzi.
5:49 of 3rd period - Snap shot by Drew Shore.
5:49 of 3rd period - Shot Blocked by Stefan Elliott.
5:51 of 3rd period - Slapshot by Dougie Hamilton.
5:51 of 3rd period - Stopped by Louis Domingue with a rebound.
6:37 of 3rd period - Snap shot by Nicolas Deslauriers.
6:37 of 3rd period - Deflect By Sven Andrighetto.
6:37 of 3rd period - Stopped by Louis Domingue without a rebound.
6:38 of 3rd period - Zack Hamill wins face-off versus Drew Shore in Punishers zone.
7:04 of 3rd period - Tyler Bertuzzi is hit by Matt Halischuk and loses puck.
7:39 of 3rd period - Petr Straka is hit by Damon Severson and loses puck.
7:55 of 3rd period - Robbie Earl is hit by Sven Andrighetto and loses puck.
8:22 of 3rd period - Wrist shot by Teemu Hartikainen.
8:22 of 3rd period - Shot Misses the Net.
8:24 of 3rd period - Wrist shot by Matt Halischuk.
8:24 of 3rd period - Shot Blocked by Zack Hamill.
8:26 of 3rd period - Snap shot by Teemu Hartikainen.
8:26 of 3rd period - Deflect By Robbie Earl.
8:26 of 3rd period - Shot Misses the Net.
8:26 of 3rd period - Puck is out of play.
8:27 of 3rd period - Oscar Sundqvist wins face-off versus Drew Shore in Punishers zone.
8:42 of 3rd period - Snap shot by Drew Shore.
8:42 of 3rd period - Shot Misses the Net.
9:16 of 3rd period - Slapshot by Andrew Campbell.
9:16 of 3rd period - Stopped by Louis Domingue with a rebound.
9:18 of 3rd period - Backhand shot by Brock Trotter.
9:18 of 3rd period - Stopped by Louis Domingue with a rebound.
9:20 of 3rd period - Slapshot by Brock Trotter.
9:20 of 3rd period - Deflect By Sergey Kalinin.
9:20 of 3rd period - Stopped by Louis Domingue with a rebound.
9:22 of 3rd period - Slapshot by Andrew Campbell.
9:22 of 3rd period - Stopped by Louis Domingue with a rebound.
10:02 of 3rd period - Slapshot by Oscar Sundqvist.
10:02 of 3rd period - Stopped by Corey Crawford without a rebound.
10:03 of 3rd period - Oscar Sundqvist wins face-off versus Drew Shore in Sasquatch zone.
10:15 of 3rd period - Wrist shot by Drew Shore.
10:15 of 3rd period - Deflect By Jeff Skinner.
10:15 of 3rd period - Stopped by Louis Domingue without a rebound.
10:16 of 3rd period - Drew Shore wins face-off versus Zack Hamill in Punishers zone.
10:19 of 3rd period - Slapshot by Jesper Fast.
10:19 of 3rd period - Shot Misses the Net.
10:21 of 3rd period - Snap shot by Patrick Wey.
10:21 of 3rd period - Stopped by Louis Domingue without a rebound.
10:22 of 3rd period - Drew Shore wins face-off versus Mattias Tedenby in Punishers zone.
10:58 of 3rd period - Minor Penalty to Teemu Hartikainen for High sticking.
10:59 of 3rd period - David Laliberté wins face-off versus Drew Shore in Sasquatch zone.
12:54 of 3rd period - Icing by David Rundblad.
12:55 of 3rd period - Zack Hamill wins face-off versus Sergey Kalinin in Punishers zone.
12:58 of 3rd period - Penalty to Teemu Hartikainen is over, Teemu Hartikainen is back on ice.
13:28 of 3rd period - Snap shot by Colton Gillies.
13:28 of 3rd period - Stopped by Corey Crawford with a rebound.
13:30 of 3rd period - Wrist shot by Colton Gillies.
13:30 of 3rd period - Shot Misses the Net.
13:32 of 3rd period - Slapshot by Mark Jankowski.
13:32 of 3rd period - Stopped by Corey Crawford without a rebound.
13:33 of 3rd period - Sven Andrighetto wins face-off versus Oscar Sundqvist in Sasquatch zone.
13:58 of 3rd period - Drew Shore is hit by Miikka Salomaki and loses puck.
14:11 of 3rd period - Mark Jankowski is hit by Drew Shore.
14:41 of 3rd period - Dylan DeMelo is hit by Andrew Campbell.
15:35 of 3rd period - Slapshot by Matt Halischuk.
15:35 of 3rd period - Stopped by Louis Domingue without a rebound.
15:36 of 3rd period - Sergey Kalinin wins face-off versus Zack Hamill in Punishers zone.
16:03 of 3rd period - Jeff Skinner is hit by Colton Gillies and loses puck.
16:33 of 3rd period - Minor Penalty to Melker Karlsson for Hooking.
16:34 of 3rd period - Zack Hamill wins face-off versus Nicolas Deslauriers in Sasquatch zone.
17:00 of 3rd period - Drew Shore is hit by Oscar Sundqvist and loses puck.
17:05 of 3rd period - Wrist shot by Colton Gillies.
17:05 of 3rd period - Stopped by Corey Crawford without a rebound.
17:06 of 3rd period - Drew Shore wins face-off versus Oscar Sundqvist in Sasquatch zone.
17:44 of 3rd period - Snap shot by David Laliberté.
17:44 of 3rd period - Shot Misses the Net.
17:46 of 3rd period - Snap shot by Robbie Earl.
17:46 of 3rd period - Shot Hit the Post.
17:48 of 3rd period - Wrist shot by David Laliberté.
17:48 of 3rd period - Shot Hit the Post.
17:50 of 3rd period - Wrist shot by Zack Hamill.
17:50 of 3rd period - Shot Blocked by Slava Voynov.
18:12 of 3rd period - Slapshot by Drew Shore.
18:12 of 3rd period - Deflect By T.J. Tynan.
18:12 of 3rd period - Stopped by Louis Domingue without a rebound.
18:13 of 3rd period - T.J. Tynan wins face-off versus Oscar Sundqvist in Punishers zone.
18:14 of 3rd period - Snap shot by Brock Trotter.
18:14 of 3rd period - Deflect By T.J. Tynan.
18:14 of 3rd period - Stopped by Louis Domingue without a rebound.
18:15 of 3rd period - Oscar Sundqvist wins face-off versus T.J. Tynan in Punishers zone.
18:24 of 3rd period - Snap shot by Mattias Tedenby.
18:24 of 3rd period - Stopped by Corey Crawford without a rebound.
18:25 of 3rd period - Drew Shore wins face-off versus Zack Hamill in Sasquatch zone.
18:25 of 3rd period - Drew Shore is hit by Robbie Earl.
18:33 of 3rd period - Penalty to Melker Karlsson is over, Melker Karlsson is back on ice.
18:58 of 3rd period - Wrist shot by Miikka Salomaki.
18:58 of 3rd period - Stopped by Corey Crawford with a rebound.
Goals for this period are 0 for Sasquatch vs 1 for Punishers.
Shots for this period are 13 for Sasquatch vs 15 for Punishers.
Back to the Top